 Dungeon Crawl Stone Soup version 0.20.1-1-g8b1a95d (webtiles) character file.

95314 kae the Impaler (level 16, -2/160 HPs)
             Began as a Gargoyle Fighter on Sept 18, 2017.
             Was the Champion of Makhleb.
             Slain by an orc warrior
             ... wielding a +1 trident of protection
             ... led by an orc warlord
              (6 damage)
             ... on level 2 of the Orcish Mines.
             The game lasted 00:51:07 (29590 turns).

kae the Impaler (Gargoyle Fighter)                 Turns: 29590, Time: 00:51:07

Health: -2/160     AC: 28    Str: 29    XL:     16   Next: 13%
Magic:  22/22      EV:  2    Int: 12    God:    Makhleb [******]
Gold:   3000       SH: 10    Dex: 17    Spells: 15/15 levels left

rFire    + . .     SeeInvis .   q - +6 trident "Koske Wod" {venom, rN+}
rCold    . . .     Gourm    .   c - +0 shield
rNeg     + + +     Faith    .   (armour currently unavailable)
rPois    ∞         Spirit   .   (helmet currently unavailable)
rElec    .         Reflect  .   (cloak currently unavailable)
rCorr    .         Harm     .   (gloves currently unavailable)
MR       +....     NoTele   +   (boots currently unavailable)
Stlth    ++........             B - amulet "Leushi" {RegenMP Str+2 Int+3 Dex+2}
Regen    0.4/turn               e - ring of Hotsihuy {rPois rF+ Dex+3}
MPRegen  0.3/turn               F - +3 ring of dexterity

@: tree-form
A: negative energy resistance 1, petrification resistance, rot immunity, AC +11
a: Minor Destruction, Lesser Servant of Makhleb, Major Destruction, Greater
Servant of Makhleb, Renounce Religion


You were on level 2 of the Orcish Mines.
You worshipped Makhleb.
Makhleb was exalted by your worship.
You were not hungry.
You were a tree.
You visited 4 branches of the dungeon, and saw 23 of its levels.
You also visited: Bailey and Volcano.

You collected 3205 gold pieces.
You spent 205 gold pieces at shops.

Inventory:

Hand Weapons
 a - a +2 spear of piercing
 b - a +4 spear
 q - the +6 trident "Koske Wod" (weapon) {venom, rN+}
   (You found it on level 6 of the Lair of Beasts)

   It poisons the flesh of those it strikes.
   It protects you from negative energy.
 I - a +0 glaive
Missiles
 H - 38 tomahawks of returning
 L - 578 stones (quivered)
Armour
 c - a +0 shield (worn)
 r - a +2 hat (melded)
 s - the cursed +1 ring mail of Soih (melded) {Dex+5}
   (You found it on level 6 of the Lair of Beasts)

   It affects your dexterity (+5).
   It has a curse placed upon it.
 J - a +2 pair of gloves (melded)
 O - a +0 cloak (melded)
Jewellery
 d - an uncursed ring of protection from magic
 e - the ring of Hotsihuy (left branch) {rPois rF+ Dex+3}
   (You found it on level 6 of the Lair of Beasts)

   [ring of protection from fire]

   It affects your dexterity (+3).
   It protects you from fire.
   It protects you from poison.
 t - an uncursed ring of wizardry
 x - a cursed ring of loudness
 A - a +4 amulet of reflection
 B - the amulet "Leushi" (around neck) {RegenMP Str+2 Int+3 Dex+2}
   (You bought it in a shop on level 14 of the Dungeon)

   [amulet of magic regeneration]

   It increases your magic regeneration.
   It affects your strength (+2).
   It affects your intelligence (+3).
   It affects your dexterity (+2).
 F - a +3 ring of dexterity (right branch)
Wands
 z - a wand of confusion (22/48)
 Y - a wand of digging (13/24)
Scrolls
 h - a scroll of silence
 i - 9 scrolls of remove curse
 m - 13 scrolls of teleportation
 u - 8 scrolls of recharging
 w - 8 scrolls of identify
 y - a scroll of blinking
 C - 4 scrolls of enchant armour
 D - 8 scrolls of amnesia
 K - 4 scrolls of enchant weapon
 S - 2 scrolls of summoning
 W - 4 scrolls of fog
Potions
 g - 5 potions of lignification
 j - a potion of invisibility
 l - 4 potions of brilliance
 o - 5 potions of curing
 p - a potion of cancellation
 v - 2 potions of heal wounds
 M - 6 potions of haste
 P - 5 potions of might
 R - a potion of berserk rage
 U - 2 potions of magic
 X - a potion of ambrosia
 Z - 2 potions of mutation
Comestibles
 f - 13 bread rations
 n - 22 fruits
 E - 4 royal jellies
 N - 7 meat rations


   Skills:
 + Level 14.4 Fighting
 * Level 16.7 Polearms
 + Level 13.9 Armour
 + Level 6.5 Dodging
 - Level 3.2 Shields
 + Level 8.3 Invocations


You had 15 spell levels left.
You didn't know any spells.

Dungeon Overview and Level Annotations

Branches:
Dungeon (14/15)            Temple (1/1) D:6            Lair (6/6) D:8
 Shoals (0/4) Lair:3       Spider (0/4) Lair:3        Slime (0/5) Lair:6
    Orc (2/2) D:12            Elf (0/3) Orc:2        Vaults (0/5) D:13

Altars:
Ashenzari
Cheibriados
Dithmenos
Elyvilon
Fedhas
Gozag
Hepliaklqana
Makhleb
Okawaru
Qazlal
Ru
Sif Muna
Trog
Uskayaw
Vehumet
Xom
Zin
The Shining One
Jiyva

Shops:
D:5 %   D:14 *   Orc:2 (%*(!

Annotations:
D:2 exclusion: oklob plant
D:14 exclusion: ice statue
Lair:3 Sonja


Innate Abilities, Weirdness & Mutations

You are resistant to torment.
((Your stone body is resilient. (AC +11)))
You are immune to poison.
((Your large and strong wings let you fly indefinitely.))
You resist negative energy. (rN+)
((You are resistant to electric shocks. (rElec)))
((You can survive without breathing.))
You are immune to petrification.
You are immune to rotting.


Message History

Aim: an orc warrior, wielding a trident of protection and wearing a plate armour (moderately wounded, unusually strong, poisoned)
You could not reach far enough!
The orc warrior hits you from afar with a trident of protection!
* * * LOW HITPOINT WARNING * * *
Attack whom?
Press: ? - help, Dir - move target cursor, f/p - orc warrior
Aim: an orc warrior, wielding a trident of protection and wearing a plate armour (moderately wounded, unusually strong, poisoned)
You reach to attack!
You hit the orc warrior but do no damage.
The orc warrior looks as sick as possible!
The orc warrior is moderately wounded.
Your orange demon stings the orc warrior.
Your orange demon barely misses the orc warrior.
Attack whom?
Press: ? - help, Dir - move target cursor, f/p - orc warrior
Aim: an orc warrior, wielding a trident of protection and wearing a plate armour (heavily wounded, unusually strong, poisoned)
You reach to attack!
You barely miss the orc warrior.
The orc warrior is heavily wounded.
The orc warrior hits you from afar with a trident of protection.
You die...

...................#.............
..#......#......#.###...........)
........<........####...########.
.............#)).#..#..####......
#.###.##.#....#........##......).
...#...###....#))...#..#.........
...##.###....##(oo###...........∩
..###.####..####4## #...........∩
####...# #### #)♣.# #..#........)
.# ##.## ##...###..##........ ##
### ##...()##..####...... #
##.#.#[[.#...########.
##.........#...........
#.........(..))).......
##.....#.......)[).....
##......................
#....##..........)......


You could see an orc warrior, an orc and a friendly orange demon.

Vanquished Creatures
  Frances (D:14)
  Azrael (D:12)
  Snorg (D:11)
  A fire dragon (Lair:6)
  3 ogre magi (Orc:2)
  An ice dragon (D:14)
  A centaur warrior (D:13)
  3 hydras (D:14)
  20 two-headed ogres
  4 death yaks
  4 skeletal warriors (D:14)
  3 unseen horrors
  2 lindwurms
  A wolf spider zombie (D:12)
  2 cyclopes
  3 orc sorcerers
  2 orc knights
  12 ugly things
  3 oklob plants
  A deep elf mage (D:13)
  A manticore (D:13)
  14 elephants
  5 black mambas
  2 molten gargoyles (Lair:6)
  2 gargoyles
  9 spiny frogs
  2 efreet (D:14)
  6 rime drakes
  10 komodo dragons
  2 hornets
  7 trolls
  2 polar bears (D:14)
  Prince Ribbit (D:7)
  7 blink frogs (Lair:6)
  5 dream sheep (Lair:6)
  19 hippogriffs
  Sigmund (D:4)
  2 shadows
  9 wyverns
  3 spriggans
  46 yaks
  2 fire elementals (D:12)
  4 vampire mosquitoes
  13 basilisks
  2 steam dragons
  3 hungry ghosts
  2 wargs
  Edmund (D:6)
  Duvessa (D:7)
  An acid dragon (D:14)
  11 water moccasins
  9 hell hounds
  4 porcupines
  2 sky beasts
  2 ice beasts
  19 orc warriors
  5 black bears
  A phantom (D:14)
  15 wolves
  28 ogres
  15 centaurs
  11 crocodiles
  2 big kobolds
  22 bullfrogs
  A gnoll sergeant (D:6)
  Dowan (D:7)
  A wyvern skeleton (D:12)
  4 scorpions
  25 killer bees
  3 howler monkeys
  7 lava snakes
  2 crimson imps (D:7)
  A bullfrog zombie (D:10)
  2 centaur zombies
  5 hounds
  2 centaur skeletons
  A jelly (D:6)
  6 orc priests
  6 iguanas
  12 orc wizards
  10 worker ants
  2 hound zombies
  A howler monkey zombie (D:7)
  Robin (D:4)
  12 gnolls
  8 adders
  2 oozes (D:3)
  An adder zombie (D:7)
  6 worms
  3 dart slugs
  The ghost of Enish the Digger, a weakling OpEE (D:3)
  4 leopard geckos
  58 orcs
  2 ball pythons
  7 giant cockroaches
  22 goblins
  13 hobgoblins
  15 jackals
  2 quokkas
  15 bats
  9 frilled lizards
  26 kobolds
  A quokka zombie (D:6)
  10 rats
  A fungus (Lair:6)
  3 plants
713 creatures vanquished.

Vanquished Creatures (collateral kills)
  An orc warlord (Orc:2)
  Nessos (Lair:5)
  A hydra (Lair:4)
  An ogre mage (Orc:2)
  A two-headed ogre (Orc:2)
  A tengu warrior (D:14)
  2 death yaks
  A skeletal warrior (D:14)
  2 ugly things (D:14)
  A tengu conjurer (D:14)
  2 hippogriffs (D:14)
  A wyvern (D:14)
  2 basilisks (D:14)
  An orc warrior (Orc:2)
  An ogre (Orc:2)
  A bullfrog (D:14)
  3 orcs
  A kobold (D:14)
24 creatures vanquished.

Vanquished Creatures (others)
  A centaur skeleton (D:14)
  18 fungi
  14 plants (Lair:6)
33 creatures vanquished.

Grand Total: 770 creatures vanquished

Notes
Turn   | Place    | Note
-------+----------+-------------------------------------------
     0 | D:1      | kae the Gargoyle Fighter began the quest for the Orb.
     0 | D:1      | Reached XP level 1. HP: 14/14 MP: 1/1
    61 | D:1      | Reached skill level 2 in Polearms
   433 | D:1      | Reached XP level 2. HP: 18/19 MP: 2/2
   592 | D:1      | Reached XP level 3. HP: 24/24 MP: 3/3
  1236 | D:2      | Reached XP level 4. HP: 27/29 MP: 4/4
  1311 | D:2      | Found a blossoming altar of Fedhas.
  1328 | D:2      | Noticed an oklob plant
  1420 | D:2      | Reached skill level 3 in Polearms
  1584 | D:2      | Found a stormy altar of Qazlal.
  2005 | D:3      | Noticed Enish's ghost (weakling OpEE)
  2040 | D:3      | Killed Enish's ghost
  2157 | D:3      | Reached XP level 5. HP: 34/34 MP: 5/5
  2176 | D:3      | Found a sacrificial altar of Ru.
  2826 | D:3      | Reached skill level 4 in Polearms
  2960 | D:4      | Reached XP level 6. HP: 40/40 MP: 6/6
  3061 | D:4      | Reached skill level 5 in Fighting
  3205 | D:4      | Noticed Sigmund
  3233 | D:4      | Killed Sigmund
  3233 | D:4      | Reached skill level 5 in Polearms
  3233 | D:4      | Reached skill level 5 in Armour
  3233 | D:4      | Reached XP level 7. HP: 15/44 MP: 7/7
  3656 | D:4      | Noticed Robin
  3677 | D:4      | Killed Robin
  4033 | D:5      | Entered Level 5 of the Dungeon
  4045 | D:5      | Found Carayda's Food Shoppe.
  4192 | D:5      | Found a bloodstained altar of Trog.
  4334 | D:5      | Found a glowing silver altar of Zin.
  4393 | D:5      | Found a shimmering altar of Xom.
  4622 | D:6      | Noticed Edmund
  4646 | D:6      | Killed Edmund
  4763 | D:6      | Reached skill level 6 in Polearms
  4763 | D:6      | Reached XP level 8. HP: 51/51 MP: 8/8
  5423 | D:6      | Found a glowing golden altar of the Shining One.
  5468 | D:6      | Reached skill level 7 in Polearms
  5633 | D:6      | Found a staircase to the Ecumenical Temple.
  5650 | Temple   | Entered the Ecumenical Temple
  5666 | Temple   | Became a worshipper of Makhleb the Destroyer
  5839 | D:6      | Found a hazy altar of Hepliaklqana.
  5848 | D:6      | Reached XP level 9. HP: 54/57 MP: 9/9
  6108 | D:7      | Reached skill level 8 in Polearms
  6254 | D:7      | Reached * piety under Makhleb
  6393 | D:7      | Noticed Prince Ribbit
  6416 | D:7      | Killed Prince Ribbit
  6460 | D:7      | Noticed Dowan
  6478 | D:7      | Reached skill level 9 in Polearms
  6480 | D:7      | Noticed Duvessa
  6494 | D:7      | Killed Duvessa
  6503 | D:7      | Killed Dowan
  6531 | D:7      | Found a shadowy altar of Dithmenos.
  6550 | D:7      | Found a flagged portal.
  6556 | Bailey   | Entered a bailey
  6731 | Bailey   | Noticed an orc knight
  6922 | Bailey   | Reached XP level 10. HP: 45/64 MP: 10/10
  7081 | Bailey   | Reached ** piety under Makhleb
  7787 | Bailey   | Killed an orc knight
  8536 | D:8      | Reached skill level 10 in Polearms
  9389 | D:8      | Found a staircase to the Lair.
  9952 | D:9      | Reached XP level 11. HP: 48/71 MP: 11/11
  9965 | D:9      | Reached skill level 11 in Polearms
 10710 | D:10     | Entered Level 10 of the Dungeon
 10792 | D:10     | Reached *** piety under Makhleb
 10931 | D:10     | Killed an unseen horror
 10931 | D:10     | Reached skill level 10 in Fighting
 11071 | D:10     | Noticed a two-headed ogre
 11107 | D:10     | Killed a two-headed ogre
 11107 | D:10     | Reached skill level 10 in Armour
 11305 | D:10     | Killed an unseen horror
 11457 | D:10     | Reached skill level 12 in Polearms
 12290 | D:11     | Found a labyrinth entrance.
 12370 | D:11     | Found a shattered altar of Ashenzari.
 12419 | D:11     | Noticed Snorg
 12444 | D:11     | Killed Snorg
 12914 | D:11     | Noticed a cyclops
 12935 | D:11     | Killed a cyclops
 12935 | D:11     | Reached XP level 12. HP: 48/79 MP: 12/12
 13171 | Lair:1   | Entered Level 1 of the Lair of Beasts
 13498 | Lair:1   | Reached **** piety under Makhleb
 13625 | Lair:1   | Found a dark tunnel.
 13631 | Volcano  | Entered a volcano
 14612 | Lair:2   | Reached skill level 13 in Polearms
 15272 | Lair:3   | Found a staircase to the Shoals.
 15616 | Lair:3   | Found a hole to the Spider Nest.
 16313 | Lair:4   | Noticed Sonja
 16846 | Lair:4   | Noticed a seven-headed hydra
 16861 | Lair:4   | Killed a seven-headed hydra
 16990 | Lair:4   | Noticed a death yak
 16991 | Lair:4   | Noticed a death yak
 16991 | Lair:4   | Noticed a death yak
 16992 | Lair:4   | Noticed a death yak
 16992 | Lair:4   | Noticed a death yak
 16996 | Lair:4   | Noticed a death yak
 17045 | Lair:3   | Killed a death yak
 17045 | Lair:3   | Reached XP level 13. HP: 48/86 MP: 13/13
 17647 | Lair:3   | Reached skill level 14 in Polearms
 19096 | Lair:5   | Reached skill level 1 in Invocations
 19142 | Lair:5   | Reached skill level 1 in Dodging
 19379 | Lair:5   | Noticed Nessos
 19411 | Lair:5   | Killed Nessos
 20208 | Lair:6   | Entered Level 6 of the Lair of Beasts
 20694 | Lair:6   | Got a brightly glowing trident
 20695 | Lair:6   | Identified the +6 trident "Koske Wod" {venom, rN+} (You found it on level 6 of the Lair of Beasts)
 20806 | Lair:6   | Found a viscous altar of Jiyva.
 20806 | Lair:6   | Found a staircase to the Slime Pits.
 20913 | Lair:6   | Got a crude ring mail
 20924 | Lair:6   | Identified the +0 ring mail of Erchor {rC++ Int+3 Slay-4} (You found it on level 6 of the Lair of Beasts)
 21714 | Lair:6   | Reached ***** piety under Makhleb
 21743 | Lair:6   | Gained mutation: Your large and strong wings let you fly indefinitely. [Gargoyle growth]
 21743 | Lair:6   | Reached XP level 14. HP: 88/92 MP: 17/17
 21750 | Lair:6   | Found a large runed door.
 21751 | Lair:6   | Found a large runed door.
 22305 | Lair:6   | Reached skill level 5 in Invocations
 22312 | Lair:6   | Reached skill level 15 in Polearms
 23344 | Lair:6   | Got a shimmering ring mail
 23355 | Lair:6   | Identified the cursed +1 ring mail of Soih {Dex+5} (You found it on level 6 of the Lair of Beasts)
 23520 | Lair:6   | HP: 1/94 [fire dragon/blast of flame (48)]
 23749 | Lair:6   | Got a bound glass ring
 24064 | Lair:1   | Identified the ring of Hotsihuy {rPois rF+ Dex+3} (You found it on level 6 of the Lair of Beasts)
 24352 | D:12     | Found a staircase to the Orcish Mines.
 24709 | D:12     | Noticed Azrael
 24750 | D:12     | Killed Azrael
 26027 | D:13     | Found a gate to the Vaults.
 26419 | D:14     | Noticed Frances
 26437 | D:14     | Killed Frances
 26592 | D:14     | Found Vitez's Assorted Antiques.
 26602 | D:14     | Bought an ancient ivory amulet for 205 gold pieces
 26602 | D:14     | Identified the amulet "Leushi" {RegenMP Str+2 Int+3 Dex+2} (You bought it in a shop on level 14 of the Dungeon)
 26689 | D:14     | Reached XP level 15. HP: 100/100 MP: 19/19
 27037 | D:14     | Reached skill level 5 in Dodging
 27294 | D:14     | Reached skill level 16 in Polearms
 27777 | Orc:1    | Entered Level 1 of the Orcish Mines
 27792 | Orc:1    | Paralysed by an orc sorcerer for 7 turns
 28170 | Orc:2    | Entered Level 2 of the Orcish Mines
 28592 | Orc:2    | Paralysed by an ogre mage for 7 turns
 28742 | Orc:2    | Found Sosaikew's Antique Weapon Shop.
 28742 | Orc:2    | Found Cosmel Hep's Distillery.
 28745 | Orc:2    | Found Adwin's Assorted Antiques.
 28745 | Orc:2    | Found Juuttaun's Food Emporium.
 28791 | Orc:2    | Reached XP level 16. HP: 91/107 MP: 22/22
 28803 | Orc:2    | Reached ****** piety under Makhleb
 29411 | Orc:2    | Found a staircase to the Elven Halls.
 29414 | Orc:2    | Found Ziluexte's Weapon Emporium.
 29576 | Orc:2    | HP: 4/160 [orc warlord/great mace (21)]
 29588 | Orc:2    | HP: 3/160 [orc warrior/trident of protection[an orc warlord] (15)]
 29590 | Orc:2    | Slain by an orc warrior

Skill      XL: |  1  2  3  4  5  6  7  8  9 10 11 12 13 14 15 |
---------------+----------------------------------------------+-----
Polearms       | 2 3 4 5 6 7 9 10 12 13 14 15 16 | 16.7
Fighting       | 4 5 7 8 9 10 12 13 14 | 14.4
Armour         | 4 5 6 7 9 10 11 12 13 | 13.9
Invocations    | 4 6 8 |  8.3
Dodging        | 2 4 6 |  6.5
Shields        | |  3.2

Action                   |  1- 3 |  4- 6 |  7- 9 | 10-12 | 13-15 | 16-18 || total
-------------------------+-------+-------+-------+-------+-------+-------++-------
Melee: Trident           |   147 |       |       |       |  1349 |   107 ||  1603
       Spear             |    19 |   215 |   545 |  1500 |   475 |       ||  2754
Throw: Throwing net      |       |       |     6 |     1 |       |       ||     7
       Tomahawk          |       |       |       |    63 |       |       ||    63
       Stone             |       |       |       |     8 |     2 |       ||    10
Invok: Minor Destruction |       |       |       |     1 |       |       ||     1
       Lesser Servant of |       |       |       |     2 |    21 |     2 ||    25
 Abil: Fly               |       |       |       |       |     1 |       ||     1
Evoke: Wand              |       |       |     5 |       |     1 |       ||     6
  Use: Scroll            |       |    10 |     6 |     8 |     6 |       ||    30
       Potion            |       |     1 |     2 |    10 |     4 |     3 ||    20
 Stab: Distracted        |       |       |       |     1 |     8 |     1 ||    10
  Eat: Chunk             |     1 |     7 |    11 |    24 |    31 |     3 ||    77
       Fruit             |       |       |     1 |     1 |       |       ||     2
       Bread ration      |       |       |       |     1 |     1 |       ||     2
       Meat ration       |       |       |       |     1 |       |       ||     1
       Royal jelly       |       |       |       |       |     2 |       ||     2
Armor: Scale mail        |    87 |    69 |    15 |       |       |       ||   171
       Ring mail         |       |       |   202 |   464 |   593 |    18 ||  1277
       Skin              |       |       |       |    21 |     5 |     6 ||    32
Dodge: Dodged            |    45 |    32 |   120 |   272 |   479 |    37 ||   985
Block: Shield            |    81 |    61 |   190 |   431 |   571 |    56 ||  1390
